cohdb
Replays
Latest Replays
All Replays
Popular Replays
Top Player Replays
Match Explorer
How It Works
Community
CoH3 Stats
Reddit
Sign in to upload your games and track your stats! →
Sign in with Steam
Match 42264613
Unlisted
Match 42264613
Overview
Messages
Build Orders
End
Construct Barracks
Selects Heavy Weapons
Engineer Squad
Riflemen Squad
M1 Mortar Team
Selects M2HB .50cal Heavy Machine Gun
Construct Weapon Support Center
Construct Medical Station
M1919 Machine Gun Team
Air Support Center
Riflemen Squad
Construct Motor Pool
P-47 Strafing Run
P-47 Dive Bomb
M8 Greyhound Armored Car
P-47 Strafing Run
Double Sortie
Selects Rapid Reposition
Grasshopper Recon Run
P-47 Strafing Run
M1918 Browning Automatic Rifles
P-47 Dive Bomb
P-47 Strafing Run
Air Supremacy
Grasshopper Recon Run
P-47 Dive Bomb
Improved Aircraft Armor
Scooter
[TRTL]LittleDADDY96
Lazamataz
Ratking_Lu
[DOOD] Big Homie Pipe Down
Mustache and Melons
0
0
Comments
sign in to comment!
No comments posted yet!